 Dungeon Crawl Stone Soup version 0.28-a0-241-gfbb0926a3a (webtiles) character file.

Game seed: 10269970307251057621

17134 Malachi the Grappler (level 12, -5/111 HPs)
             Began as a Troll Delver on Aug 24, 2021.
             Slain by an entropy weaver simulacrum (8 damage)
             ... in an ice cave.
             The game lasted 00:22:45 (10392 turns).

Malachi the Grappler (Troll Delver)                Turns: 10392, Time: 00:22:45

Health: -5/111     AC:  6    Str: 27    XL:     12   Next: 16%
Magic:  11/11      EV: 11    Int:  6    God:
Gold:   634        SH:  0    Dex: 11    Spells: 7/11 levels left

rFire   . . .      SeeInvis +     - Unarmed
rCold   . . .      Faith    +   (no shield)
rNeg    + . .      Spirit   .   E - +0 troll leather armour
rPois   .          Reflect  .   (helmet restricted)
rElec   .          Harm     .   (no cloak)
rCorr   .          Rampage  .   (gloves unavailable)
Will    .....                   (boots unavailable)
Stlth   +++.......              t - amulet of faith
HPRegen 2.28/turn               u - ring of positive energy
MPRegen 0.12/turn               m - ring of see invisible

@: no status effects
A: large, unfitting armour, claws 3, regeneration 1, shaggy fur 1, tough skin 1
a: no special abilities


You were in an ice cave.
You visited 2 branches of the dungeon, and saw 12 of its levels.
You also visited: Ice Cave.

You collected 634 gold pieces.

Inventory:

Armour
 E - a +0 troll leather armour (worn)
Magical Staves
 h - a staff of air
Jewellery
 j - a ring of ice
 m - a ring of see invisible (right claw)
 t - an amulet of faith (around neck)
 u - a ring of positive energy (left claw)
 v - a +6 ring of intelligence
 y - a +6 ring of intelligence
Wands
 f - a wand of digging (7)
 k - a wand of flame (23)
 w - a wand of mindburst (13)
 x - a wand of paralysis (6)
Scrolls
 a - a scroll of enchant armour
 b - 3 scrolls of fog
 c - 3 scrolls of magic mapping
 d - 3 scrolls of fear
 r - 2 scrolls of immolation
 z - 3 scrolls of amnesia
Potions
 e - 6 potions of flight
 g - 3 potions of lignification
 i - 5 potions of magic
 o - 5 potions of curing
 p - 2 potions of berserk rage
 q - a potion of ambrosia
 A - 3 potions of heal wounds
 C - 3 potions of haste


   Skills:
 - Level 5.0 Fighting
 - Level 0.2 Axes
 - Level 0.1 Bows
 - Level 0.5 Crossbows
 - Level 5.0 Dodging
 - Level 6.0 Stealth
 - Level 11.0 Unarmed Combat
 - Level 0.2 Earth Magic
 * Level 9.1 Poison Magic
 - Level 1.0 Evocations


You had 7 spell levels left.
You knew the following spells:

 Your Spells              Type           Power      Damage    Failure   Level
a - Olgreb's Toxic Radia  Pois           11%        N/A       13%         4

Your spell library contained the following spells:

 Spells                   Type           Power      Damage    Failure   Level
 Sting                    Tmut/Pois      20%        1d4       9%          1
 Poisonous Vapours        Pois/Air       10%        N/A       13%         2
 Spider Form              Tmut/Pois      2%         N/A       26%         3
 Animate Skeleton         Necr           0%         N/A       50%         1
 Beastly Appendage        Tmut           0%         N/A       50%         1
 Pain                     Necr           0%         1d4       50%         1
 Wereblood                Tmut           0%         N/A       63%         2
 Dazzling Flash           Conj/Hex       0%         N/A       86%         3
 Gell's Gravitas          Tloc           0%         N/A       86%         3
 Teleport Other           Tloc           0%         N/A       86%         3
 Vampiric Draining        Necr           0%         2d6       86%         3
 Animate Dead             Necr           0%         N/A       99%         4
 Iskenderun's Mystic Bla  Conj/Tloc      0%         2d3       99%         4
 Borgnjor's Vile Clutch   Necr/Erth      0%         N/A       100%        5
 Iskenderun's Battlesphe  Conj           0%         2d6       100%        5
 Death Channel            Necr           0%         N/A       100%        6
 Dispersal                Tloc           0%         N/A       100%        6
 Iron Shot                Conj/Erth      0%         9d1       100%        6
 Starburst                Conj/Fire      0%         6d3       100%        6
 Spellforged Servitor     Conj/Summ      0%         N/A       100%        7


Dungeon Overview and Level Annotations

Branches:
Dungeon (11/15)            Temple (1/1) D:4            Lair (0/6) D:9
  IceCv (1/1)
    Orc: D:9-12

Altars:
Ashenzari
Cheibriados
Dithmenos
Elyvilon
Fedhas
Gozag
Hepliaklqana
Kikubaaqudgha
Makhleb
Nemelex Xobeh
Okawaru
Qazlal
Ru
Sif Muna
Trog
Uskayaw
Vehumet
Wu Jian
Xom
Yredelemnul
Zin
The Shining One

Shops:
D:8 =

Annotations:
D:1 1 exclusion
D:6 3 runed translucent doors, exclusion: 3 doors, anet's ghost, novice DECj
D:8 exclusion: two-headed ogre


Innate Abilities, Weirdness & Mutations

You are too large for most types of armour.
You have claws for hands.
Your natural rate of healing is unusually fast.
You are covered in fur. (AC +1)
You have tough skin. (AC +1)


Message History

The rime drake bites you.
The world spins around you as you enter the gateway.
You enter an ice cave!
Found an ice covered gate leading back out of this place.
There is an ice choked empty arch of ancient stone here.
Unknown command.
Found a book of Maledictions.
The wolf simulacrum bites you. The wolf simulacrum freezes you.
You mangle the wolf simulacrum!!
The wolf simulacrum vaporises!
You mangle the wolf simulacrum!!
The wolf simulacrum vaporises!
You barely miss the polar bear simulacrum.
The polar bear simulacrum barely misses you.
The polar bear simulacrum claws you. The polar bear simulacrum freezes you!
The polar bear simulacrum barely misses you.
You scratch the elephant simulacrum but do no damage.
The polar bear simulacrum bites you but does no damage.
The polar bear simulacrum claws you but does no damage.
The polar bear simulacrum closely misses you.
The elephant simulacrum tramples you but does no damage.
The elephant simulacrum trunk-slaps you.
The elephant simulacrum freezes you!!
You mangle the elephant simulacrum!!
The elephant simulacrum is almost destroyed.
You scratch the elephant simulacrum.
The elephant simulacrum vaporises!
The polar bear simulacrum bites you! The polar bear simulacrum freezes you!
The polar bear simulacrum claws you. The polar bear simulacrum freezes you!
The polar bear simulacrum claws you but does no damage.
Unknown command.
You feel much better.
The entropy weaver simulacrum completely misses you.
The entropy weaver simulacrum hits you.
The entropy weaver simulacrum freezes you!!
The entropy weaver simulacrum hits you.
The entropy weaver simulacrum freezes you!!
* * * LOW HITPOINT WARNING * * *
The entropy weaver simulacrum hits you!
You die...

## ####### :..
##.....# ....
##......#
.....#.......#
........∩..∩.#
....#.○Z....#
. ##Z@....#
##.....#
#######


You could see a polar bear simulacrum and an entropy weaver simulacrum.

Vanquished Creatures
  4 two-headed ogres
  Pikel (D:9)
  Joseph (D:7)
  A centaur zombie (D:10)
  An unseen horror (D:10)
  2 trolls (D:9)
  Grinder (D:4)
  A hornet (D:8)
  2 shadows (D:11)
  A yak (D:5)
  A wyvern (D:8)
  A wraith (D:10)
  Eustachio (D:6)
  A basilisk (D:9)
  Edmund (D:4)
  Duvessa (D:4)
  An ice beast (D:7)
  2 sky beasts
  2 black bears
  4 necrophages
  5 orc warriors
  2 ogres
  5 wolves (D:9)
  A centaur (D:7)
  A lemure (D:9)
  A phantom (D:4)
  A bullfrog (D:8)
  A gnoll sergeant (D:6)
  Blork the orc (D:4)
  4 scorpions
  Dowan (D:4)
  A water moccasin skeleton (D:5)
  6 killer bees (D:11)
  An elephant simulacrum (IceCv)
  5 wights (D:7)
  A howler monkey (D:8)
  3 electric eels (D:9)
  3 centaur skeletons
  3 hounds
  5 orc priests
  2 jellies
  6 iguanas
  Jessica (D:2)
  Ijyb (D:3)
  8 orc wizards
  2 wolf simulacra (IceCv)
  2 hound skeletons (D:4)
  A howler monkey zombie (D:7)
  7 gnolls
  A howler monkey skeleton (D:4)
  7 adders
  2 white imps (D:5)
  An ufetubus (D:5)
  An adder zombie (D:5)
  4 worms
  4 dart slugs
  19 orcs
  6 endoplasms
  3 giant cockroaches
  9 goblins
  7 hobgoblins
  8 kobolds
  12 quokkas
  7 ball pythons
  6 bats
  3 frilled lizards (D:1)
  6 rats
217 creatures vanquished.

Vanquished Creatures (others)
  A quokka (D:1)
  20 plants (D:2)
21 creatures vanquished.

Grand Total: 238 creatures vanquished

Notes
Turn   | Place    | Note
-------+----------+-------------------------------------------
     0 | D:5      | Malachi the Troll Delver began the quest for the Orb.
     0 | D:5      | Reached XP level 1. HP: 22/22 MP: 0/0
    16 | D:6      | Noticed a scorpion
    20 | D:6      | Killed a scorpion
    21 | D:6      | Reached XP level 2. HP: 28/29 MP: 1/1
    21 | D:6      | Reached XP level 3. HP: 35/36 MP: 2/2
    25 | D:6      | Noticed a necrophage
    31 | D:6      | Killed a necrophage
    32 | D:6      | Reached XP level 4. HP: 39/44 MP: 3/3
    32 | D:6      | Reached XP level 5. HP: 46/52 MP: 4/4
   218 | D:6      | Found a runed translucent gate.
   218 | D:6      | Found a runed translucent gate.
   220 | D:6      | Found an opulent altar of Gozag.
   220 | D:6      | Found a runed translucent gate.
   220 | D:6      | Noticed a yak
   222 | D:6      | Noticed a centaur
   223 | D:6      | Noticed anet's ghost (novice DECj)
   252 | D:7      | Noticed a centaur
   259 | D:7      | Killed a centaur
   260 | D:7      | Reached XP level 6. HP: 44/61 MP: 5/5
   351 | D:7      | Noticed Joseph
   398 | D:6      | Reached skill level 3 in Unarmed Combat
   458 | D:7      | Noticed an orc warrior
   572 | D:6      | Reached XP level 7. HP: 14/67 MP: 6/6
   806 | D:6      | Noticed Eustachio
   832 | D:6      | Killed Eustachio
   833 | D:6      | Reached skill level 4 in Unarmed Combat
  1198 | D:7      | Reached skill level 5 in Unarmed Combat
  1316 | D:7      | Reached XP level 8. HP: 61/78 MP: 7/7
  1377 | D:7      | Killed Joseph
  1378 | D:7      | Reached skill level 6 in Unarmed Combat
  1470 | D:7      | Reached skill level 7 in Unarmed Combat
  2093 | D:8      | Noticed a two-headed ogre
  2151 | D:8      | Reached skill level 8 in Unarmed Combat
  2353 | D:8      | Noticed a hornet
  2764 | D:5      | Reached XP level 9. HP: 60/81 MP: 8/8
  2845 | D:5      | Reached skill level 5 in Stealth
  3257 | D:5      | Noticed a two-headed ogre
  3270 | D:5      | Killed a two-headed ogre
  3271 | D:5      | Reached skill level 9 in Unarmed Combat
  3618 | D:8      | Killed a two-headed ogre
  3619 | D:8      | Reached skill level 10 in Unarmed Combat
  3684 | D:8      | Reached XP level 10. HP: 94/94 MP: 9/9
  3690 | D:8      | Found Goupel's Jewellery Shoppe.
  3847 | D:8      | Found an ancient bone altar of Kikubaaqudgha.
  3882 | D:8      | Found a bloodstained altar of Trog.
  4465 | D:4      | Found a staircase to the Ecumenical Temple.
  4478 | Temple   | Entered the Ecumenical Temple
  4693 | D:4      | Noticed Dowan
  4695 | D:4      | Noticed Duvessa
  4748 | D:4      | Killed Duvessa
  4779 | D:4      | Killed Dowan
  4780 | D:4      | Noticed Grinder
  4791 | D:4      | Killed Grinder
  4792 | D:4      | Reached skill level 1 in Evocations
  4829 | D:4      | Noticed Blork the orc
  4836 | D:4      | Killed Blork the orc
  4984 | D:4      | Noticed Edmund
  4987 | D:4      | Killed Edmund
  5712 | D:3      | Noticed Ijyb
  5718 | D:3      | Killed Ijyb
  6092 | D:2      | Found a shimmering blue altar of Sif Muna.
  6114 | D:2      | Found a hide-covered altar of Uskayaw.
  6461 | D:2      | Noticed Jessica
  6468 | D:2      | Killed Jessica
  7133 | D:1      | Found a faded altar of an unknown god.
  7628 | D:1      | Learned a level 4 spell: Olgreb's Toxic Radiance
  7977 | D:8      | Paralysed by a hornet for 3 turns
  7984 | D:8      | Reached skill level 11 in Unarmed Combat
  8376 | D:9      | Reached skill level 5 in Dodging
  8376 | D:9      | Reached skill level 1 in Poison Magic
  8390 | D:9      | Found a staircase to the Lair.
  8468 | D:9      | Reached skill level 5 in Fighting
  8895 | D:9      | Reached XP level 11. HP: 102/102 MP: 10/10
  8916 | D:9      | Noticed a two-headed ogre
  8941 | D:9      | Killed a two-headed ogre
  9126 | D:9      | Noticed Pikel
  9134 | D:9      | Killed Pikel
  9332 | D:10     | Entered Level 10 of the Dungeon
  9486 | D:10     | Reached XP level 12. HP: 105/111 MP: 11/11
 10134 | D:11     | Noticed an eight-headed hydra
 10291 | D:11     | Noticed a two-headed ogre
 10325 | D:11     | Killed a two-headed ogre
 10370 | D:11     | Found a frozen archway.
 10378 | IceCv    | Entered an ice cave
 10392 | IceCv    | HP: 3/111 [entropy weaver simulacrum (32)]
 10392 | IceCv    | Slain by an entropy weaver simulacrum

Illustrated notes

Levels and vault maps discovered:
D:1:      dpeg_arrival_court, layout_basic,
          hellmonk_ecumenical_altar_inner_sanctum, hangedman_decor_push,
          lemuel_flame_loot_1
D:2:      wad_woods_stonehenge, layout_rooms, basic_altar, uniq_jessica
D:3:      layout_basic, serial_bayou_pond_c, uniq_ijyb
D:4:      layout_basic, temple_fountains, st_stairs_14, uniq_duvessa,
          uniq_edmund, uniq_blork_the_orc, uniq_grinder
D:5:      minmay_angry_zag, layout_loops_corners
D:6:      layout_loops_cross, ebering_ghost_gozag, uniq_crazy_yiuf_cottage,
          uniq_eustachio
D:7:      layout_loops_ring, uniq_joseph
D:8:      layout_layer_cave, chequers_temple_overflow_statue_of_worship,
          serial_shops, shop
D:9:      layout_gridville, erik_lair_island, amcnicky_mini_pool_small,
          uniq_pikel
D:10:     layout_basic
D:11:     layout_irregular_city, portal_ice_cave_rime
Temple:   regret_index_temple_chain_breaker
IceCv:    ice_cave_statue_garden_chambered

Skill      XL: |  1  2  3  4  5  6  7  8  9 10 11 12 |
---------------+-------------------------------------+-----
Stealth        | 3 4 5 6 |  6.0
Fighting       | 3 4 5 |  5.0
Dodging        | 2 3 4 5 |  5.0
Unarmed Combat | 3 5 8 10 11 | 11.0
Evocations     | 1 |  1.0
Poison Magic   | 7 8 9 |  9.1
Axes           | |  0.2
Bows           | |  0.1
Crossbows      | |  0.5
Earth Magic    | |  0.2

Action                   |  1- 3 |  4- 6 |  7- 9 | 10-12 || total
-------------------------+-------+-------+-------+-------++-------
Melee: Unarmed           |     8 |    64 |   198 |   398 ||   668
       Punch             |       |     1 |    10 |    22 ||    33
 Cast: Olgreb's Toxic Ra |       |       |       |     5 ||     5
Evoke: Wand              |       |       |     8 |    33 ||    41
  Use: Potion            |       |     1 |     2 |    10 ||    13
       Scroll            |       |       |       |    12 ||    12
 Stab: Sleeping          |       |     1 |     6 |    26 ||    33
       Distracted        |       |       |     1 |       ||     1
       Paralysed         |       |       |       |     4 ||     4
Armor: Robe              |       |    13 |    34 |    99 ||   146
       Troll leather arm |       |       |       |    28 ||    28
Dodge: Dodged            |     2 |    36 |    67 |   223 ||   328

Table legend: (Time is in decaauts)
 A = Elapsed time spent in this place.
 B = Non-inter-level travel time spent in this place.
 C = Inter-level travel time spent in this place.
 D = Time resting spent in this place.
 E = Time spent auto-exploring this place.
 F = Levels seen in this place.
 G = Mean time per level.
                   A        B        C        D        E       F      G
               +--------+--------+--------+--------+--------+-----+--------+
         Total |  10309 |   9726 |    583 |    729 |   6200 |  13 |  793.0 |
       Dungeon |  10088 |   9524 |    564 |    710 |   6057 |  11 |  917.1 |
        Temple |    208 |    189 |     19 |     19 |    143 |   1 |  208.0 |
      Ice Cave |     12 |     12 |      0 |      0 |      0 |   1 |   12.0 |
               +--------+--------+--------+--------+--------+-----+--------+

Top non-repeatable levels by time:
     D:8: 1627 daAuts
     D:9: 1163 daAuts
     D:5: 1062 daAuts
     D:6: 1027 daAuts
     D:4: 999 daAuts
     D:7: 958 daAuts
     D:1: 948 daAuts
     D:3: 659 daAuts
     D:2: 599 daAuts
    D:10: 594 daAuts
    D:11: 446 daAuts
  Temple: 208 daAuts
   IceCv: 12 daAuts
